 Dungeon Crawl Stone Soup version 0.27-a0-385-g3208abaabc (webtiles) character file.

Game seed: 8731642463387187230

460985 snetch the Slayer (level 23, -2/214 (234) HPs)
             Began as a Minotaur Berserker on Feb 17, 2021.
             Was the Champion of Trog.
             Slain by a phantasmal warrior (17 damage)
             ... on level 4 of the Vaults on Feb 18, 2021.
             The game lasted 03:26:05 (49174 turns).

snetch the Slayer (Minotaur Berserker)             Turns: 49174, Time: 03:26:06

HP:   -2/214 (234)  AC: 44    Str: 35    XL:     23   Next: 36%
MP:   0/22          EV: 11    Int:  9    God:    Trog [******]
Gold: 3726          SH:  0    Dex:  9    Spells: 22/22 levels left

rFire    + . .     SeeInvis .   a - +8 frozen axe "Frostbite" {freezing cloud, *Noise +Fly rC+}
rCold    + . .     Faith    .   (shield currently unavailable)
rNeg     . . .     Spirit   +   n - +8 orange crystal plate armour {Archmagi, Int+3 Clar}
rPois    .         Reflect  .   (helmet restricted)
rElec    .         Harm     .   G - +2 cloak {Stlth+}
rCorr    .         Rampage  .   z - +2 pair of gloves
Will     +....     Clarity  +   (no boots)
Stlth    ..........             r - amulet of guardian spirit
HPRegen  0.45/turn              X - +4 ring of slaying
MPRegen  0.18/turn              j - ring of a Billion Stories {rF+ Str+6 Int+2 Dex-4}

@: marked, hasted and slowed, studying Shields, drained
A: retaliatory headbutt, horns 2
}: 2/15 runes: decaying, gossamer
a: Renounce Religion, Evoke Flight, Berserk, Trog's Hand, Brothers in Arms


You were on level 4 of the Vaults.
You worshipped Trog.
Trog was exalted by your worship.
You visited 7 branches of the dungeon, and saw 37 of its levels.
You visited the Abyss 2 times.
You also visited: Bailey.

You collected 4122 gold pieces.
You spent 396 gold pieces at shops.

Inventory:

Hand Weapons
 a - the +8 frozen axe "Frostbite" (weapon) {freezing cloud, *Noise +Fly rC+}
   (You acquired it on level 9 of the Dungeon)

   It has been specially enchanted to freeze those struck by it, causing extra
   injury to most foes and up to half again as much damage against particularly
   susceptible opponents.
   It can also slow down cold-blooded creatures.
   It protects you from cold.
   It lets you fly.
   It may make noises in combat.
 b - the +2 Maxwell's thermic engine {flame, freeze}
   (You found it on level 6 of the Lair of Beasts)

   It has been specially enchanted to burn those struck by it, causing extra
   injury to most foes and up to half again as much damage against particularly
   susceptible opponents.
   Big, fiery blades are also staple armaments of hydra-hunters.
   It has been specially enchanted to freeze those struck by it, causing extra
   injury to most foes and up to half again as much damage against particularly
   susceptible opponents.
   It becomes more effective when it hits something.
   This effect fades over time.
Missiles
 g - 3 silver javelins
 i - 75 poisoned darts
 l - 6 atropa-tipped darts
 o - 27 javelins
 t - 27 boomerangs
 u - 6 throwing nets
 O - 10 boomerangs of dispersal
 V - 10 curare-tipped darts
Armour
 n - the +8 orange crystal plate armour (worn) {Archmagi, Int+3 Clar}
   (You found it on level 4 of the Dungeon)

   It affects your intelligence (+3).
   It protects you against confusion.
 z - a +2 pair of gloves (worn)
 G - a +2 cloak of stealth (worn)
Jewellery
 j - the ring of a Billion Stories (right hand) {rF+ Str+6 Int+2 Dex-4}
   (You found it on level 1 of the Lair of Beasts)

   [ring of strength]

   It affects your strength (+6).
   It affects your intelligence (+2).
   It affects your dexterity (-4).
   It protects you from fire.
 r - an amulet of guardian spirit (around neck)
 X - a +4 ring of slaying (left hand)
Wands
 c - a wand of charming (9)
 x - a wand of polymorph (19)
 B - a wand of iceblast (33)
 H - a wand of random effects (54) (quivered)
 K - a wand of acid (18)
 P - a wand of paralysis (42)
 Q - a wand of digging (16)
 T - a wand of flame (48)
 Z - a wand of mindburst (50)
Scrolls
 h - 17 scrolls of teleportation
 k - 4 scrolls of fog
 y - 9 scrolls of fear
 J - 8 scrolls of vulnerability
 M - 8 scrolls of blinking
 N - 4 scrolls of silence
 R - 2 scrolls of immolation
 S - 13 scrolls of magic mapping
 U - 4 scrolls of torment
Potions
 e - 7 potions of heal wounds
 f - 11 potions of curing
 m - 5 potions of mutation
 p - 3 potions of might
 q - 3 potions of resistance
 s - 5 potions of ambrosia
 v - 12 potions of flight
 A - 2 potions of lignification
 C - 8 potions of attraction
 F - 6 potions of haste
 I - 2 potions of invisibility
 W - 2 potions of cancellation
Miscellaneous
 d - a box of beasts
 w - a lightning rod (4/4)
 D - a phial of floods
 E - a tin of tremorstones (2/2)
 L - a phantom mirror
 Y - a condenser vane


   Skills:
 + Level 25.5 Fighting
 + Level 7.0 Long Blades
 - Level 25.4(26.0) Axes
 - Level 10.6(19.7) Maces & Flails
 + Level 10.9 Throwing
 + Level 22.0 Armour
 * Level 9.4 Dodging
 + Level 2.1 Stealth
 - Level 4.0 Shields
 + Level 2.2 Evocations


You had 22 spell levels left.
You didn't know any spells.
Your spell library contained the following spells:

 Spells                   Type           Power        Failure   Level
 Animate Skeleton         Necr           0%           94%         1
 Apportation              Tloc           0%           94%         1
 Corona                   Hex            0%           94%         1
 Foxfire                  Conj/Fire      0%           94%         1
 Pain                     Necr           0%           94%         1
 Shock                    Conj/Air       0%           94%         1
 Summon Small Mammal      Summ           0%           94%         1
 Corpse Rot               Necr/Air       N/A          98%         2
 Ensorcelled Hibernation  Hex/Ice        0%           98%         2
 Slow                     Hex            0%           98%         2
 Swiftness                Air            0%           98%         2
 Call Canine Familiar     Summ           0%           100%        3
 Confusing Touch          Hex            0%           100%        3
 Conjure Flame            Conj/Fire      0%           100%        3
 Dazzling Flash           Conj/Hex       0%           100%        3
 Inner Flame              Hex/Fire       0%           100%        3
 Lesser Beckoning         Tloc           0%           100%        3
 Portal Projectile        Hex/Tloc       0%           100%        3
 Static Discharge         Conj/Air       0%           100%        3
 Stone Arrow              Conj/Erth      0%           100%        3
 Tukima's Dance           Hex            0%           100%        3
 Vampiric Draining        Necr           0%           100%        3
 Airstrike                Air            0%           100%        4
 Animate Armour           Summ/Erth      0%           100%        4
 Animate Dead             Necr           0%           100%        4
 Cause Fear               Hex            0%           100%        4
 Iskenderun's Mystic Bla  Conj/Tloc      0%           100%        4
 Leda's Liquefaction      Hex/Erth       0%           100%        4
 Manifold Assault         Tloc           0%           100%        4
 Passage of Golubria      Tloc           N/A          100%        4
 Sticky Flame             Conj/Fire      0%           100%        4
 Agony                    Necr           0%           100%        5
 Alistair's Intoxication  Tmut/Pois      0%           100%        5
 Fireball                 Conj/Fire      0%           100%        5
 Irradiate                Conj/Tmut      0%           100%        5
 Lightning Bolt           Conj/Air       0%           100%        5
 Summon Forest            Summ/Tloc      0%           100%        5
 Eringya's Noxious Bog    Tmut/Pois      0%           100%        6
 Hydra Form               Tmut           0%           100%        6
 Invisibility             Hex            0%           100%        6
 Statue Form              Tmut/Erth      0%           100%        6
 Dragon Form              Tmut           0%           100%        7
 Summon Hydra             Summ           0%           100%        7
 Dragon's Call            Summ           0%           100%        9


Dungeon Overview and Level Annotations

Branches:
Dungeon (15/15)            Temple (1/1) D:4            Lair (6/6) D:10
  Swamp (4/4) Lair:3       Spider (4/4) Lair:4        Slime (0/5) Lair:5
    Orc (2/2) D:11            Elf (0/3) Orc:2        Vaults (5/5) D:13
  Crypt (0/3) Vaults:2     Depths (0/5) D:15         Bailey (visited)

Altars:
Ashenzari
Cheibriados
Dithmenos
Elyvilon
Fedhas
Gozag
Hepliaklqana
Kikubaaqudgha
Makhleb
Nemelex Xobeh
Okawaru
Qazlal
Ru
Sif Muna
Trog
Uskayaw
Vehumet
Wu Jian
Xom
Yredelemnul
Zin
The Shining One
Beogh
Jiyva

Shops:
D:6 [   D:10 *   D:11 (   D:13 (   D:15 *   Orc:2 [:*(

Portals:
Abyss: D:9


Innate Abilities, Weirdness & Mutations

You reflexively headbutt those who attack you in melee.
You have a pair of horns on your head.


Message History

The orc warrior goes into a battle-frenzy!
The sphinx is engulfed in freezing vapours.
The vault sentinel unwields a +0 arbalest.
The vault sentinel wields a +0 falchion.
The vault sentinel hits you but does no damage.
The phantasmal warrior completely misses you.
The orc wizard is engulfed in freezing vapours.
The cyan very ugly thing stings you.
* * * LOW HITPOINT WARNING * * *
The cyan very ugly thing shocks you!!
* * * LOW HITPOINT WARNING * * *
The shadow dragon completely misses you.
You furiously retaliate!
You headbutt the shadow dragon!!
You kill the shadow dragon!
Trog accepts your kill.
There is a stone staircase leading up here.
Items here: ( ))) [[.
The phantasmal warrior barely misses you.
You furiously retaliate!
You headbutt the phantasmal warrior.
The orc knight hits you but does no damage.
The vault sentinel gestures at you while chanting.
You barely resist.
The cyan very ugly thing stings you but does no damage.
The sphinx hits you but does no damage. x3
The ironbrand convoker gestures at the tarantella while chanting.
The tarantella seems to grow stronger.
The sphinx hits you but does no damage. x3
The vault guard hits you with a +0 war axe.
* * * LOW HITPOINT WARNING * * *
The phantasmal warrior hits you but does no damage.
You climb upwards.
There is a stone staircase leading down, spattered with blood here.
You feel yourself speed up.
The vault sentinel casts a spell at you.
The mark upon you grows brighter. The cyan very ugly thing stings you!
* * * LOW HITPOINT WARNING * * *
The cyan very ugly thing shocks you!!
* * * LOW HITPOINT WARNING * * *
The orc knight hits you but does no damage.
The phantasmal warrior hits you!!
You die...

#.......# #.......#
#.......#
#######'########
.......)...'...##
.#.#.#.#.#.####.##
...........# ##.##
.#.#.#.#.#.# ##pWp##
...........###.(@u.#
.#.#.#.#.#.##..o).##
...........###...##
.#.#.#.#.#.# ##.##
...........# ##.####
.#.#.#[#.#.# ##...#
...........#######'####
#####'######..........#
......# #..........#


You could see a cyan very ugly thing, a vault guard, an orc knight, a vault
sentinel and a phantasmal warrior.

Vanquished Creatures
  An ancient lich (Vaults:5)
  Mara (Vaults:5)
  The ghost of Sibahig the Slayer, a veteran HOMo of Beogh (Vaults:1)
  Boris (Vaults:2)
  2 golden dragons (Vaults:5)
  2 bone dragons (Abyss:2)
  Rupert (D:13)
  3 tentacled monstrosities
  4 titans
  A tentacled starspawn (Abyss:2)
  A sphinx (Vaults:5)
  Agnes (Spider:2)
  An ancient champion (Vaults:2)
  2 storm dragons
  2 thorn hunters (Swamp:3)
  Roxanne (Spider:1)
  5 tengu reavers
  3 shadow dragons
  A fenstrider witch (Swamp:3)
  3 fire giants
  10 vault wardens
  2 frost giants (Vaults:4)
  6 ghost moths
  A cacodemon (Abyss:2)
  A curse skull (Vaults:2)
  The ghost of jestyr24 the Blocker, a journeyman TrFi of Qazlal (Lair:6)
  4 emperor scorpions
  A deep elf sorcerer (Abyss:2)
  2 ghouls
  18 ironheart preservers
  8 stone giants
  Nessos (D:15)
  A war gargoyle (Vaults:5)
  4 deep elf demonologists
  A deep elf annihilator (Vaults:5)
  6 dire elephants (Lair:6)
  5 entropy weavers
  The ghost of Huasawuy the Grappler, a journeyman TrWz of Okawaru (Lair:3)
  7 bunyips
  2 spark wasps (Spider:4)
  6 eleionomae
  10 ettins
  A blizzard demon (Abyss:2)
  2 deep elf death magi
  Josephine (D:12)
  A crystal guardian (Vaults:2)
  A fire dragon (Vaults:4)
  A shambling mangrove (Swamp:3)
  2 great orbs of eyes
  7 yaktaur captains
  Harold (Lair:1)
  32 vault guards
  6 boulder beetles
  23 hydras
  4 rakshasas
  3 ghost crabs
  An anaconda (Lair:6)
  11 ogre magi
  A catoblepas (Lair:6)
  6 alligators
  3 death knights
  7 centaur warriors
  29 two-headed ogres
  The ghost of SkeletonJelly the Cruncher, a novice FoFi of Uskayaw (D:9)
  A tengu warrior (D:13)
  A dancing weapon (Vaults:5)
  5 orc high priests (Orc:2)
  4 thrashing horrors (Abyss:2)
  A deep troll shaman (Vaults:4)
  2 deep elf knights
  Sonja (D:13)
  5 skeletal warriors
  A shadow wraith (D:13)
  A soul eater (Vaults:2)
  2 wretched stars (Abyss:2)
  An unseen horror (shapeshifter) (Vaults:2)
  A goliath frog (Swamp:4)
  2 large abominations (Abyss:2)
  A spriggan druid (Swamp:2)
  A flayed ghost (Vaults:3)
  14 deep trolls
  A spatial maelstrom (Abyss:2)
  4 unseen horrors
  A death drake (Swamp:4)
  3 deep elf archers
  11 swamp dragons
  11 bog bodies
  4 glowing orange brains
  Pikel (D:4)
  An orange crystal statue (Swamp:3)
  3 phantasmal warriors (Vaults:5)
  18 ironbrand convokers
  4 wizards
  A lindwurm (D:13)
  2 deep elf zephyrmancers
  18 orc knights
  4 deep elf pyromancers
  9 harpies
  34 wolf spiders
  3 necromancers
  7 orc sorcerers
  6 will-o-the-wisps
  21 orb spiders
  6 oklob plants
  9 wolf spider zombies (Spider:1)
  41 ugly things
  A human zombie (Vaults:2)
  A worldbinder (D:9)
  4 cyclopes
  4 moths of wrath
  2 manticores
  11 elephants
  A water nymph (shapeshifter) (D:15)
  A salamander (shapeshifter) (D:13)
  2 black mambas
  2 toenail golems (D:9)
  A black mamba (shapeshifter) (Vaults:5)
  An orange demon (Abyss:2)
  12 vault sentinels
  A smoke demon (Abyss:2)
  A hellion (Abyss:2)
  A rime drake (Lair:4)
  6 torpor snails
  2 gargoyles
  4 freezing wraiths
  10 redback zombies (Spider:1)
  10 cane toads
  34 yaktaurs
  7 komodo dragons
  A kobold demonologist (D:15)
  2 efreet (D:14)
  16 demonic crawlers
  A hellwing (D:9)
  62 jumping spiders
  3 meliai (D:15)
  4 polar bears
  13 trolls
  9 tarantella zombies (Spider:1)
  24 hornets
  7 raiju (Abyss:2)
  19 blink frogs
  11 tyrant leeches
  2 blink frogs (shapeshifter)
  A meliai (shapeshifter) (Vaults:3)
  28 slime creatures
  6 wraiths
  A tarantella (shapeshifter) (Vaults:4)
  24 spriggans
  99 redbacks
  6 wyverns
  41 tarantellas
  A ynoxinul (Abyss:2)
  16 yaks
  Eustachio (D:4)
  A basilisk (shapeshifter) (D:15)
  A steam dragon (D:10)
  4 vampire mosquitoes (Swamp:1)
  A golden eye (shapeshifter) (Vaults:3)
  A chaos spawn (Abyss:2)
  A neqoxec (Abyss:2)
  4 wargs
  A human simulacrum (Vaults:2)
  12 swamp worms
  2 acid dragons
  A cane toad zombie (Abyss:2)
  11 water moccasins
  57 orc warriors
  10 swamp drakes
  2 black bears
  4 ice beasts
  6 sky beasts
  2 necrophages
  A boulder beetle simulacrum (Vaults:1)
  An ettin simulacrum (Vaults:3)
  12 wolves
  An eye of draining (D:9)
  A boggart (Vaults:3)
  23 centaurs
  A centaur (shapeshifter) (Vaults:4)
  An ogre (shapeshifter) (Vaults:4)
  32 ogres
  A phantom (D:14)
  2 human skeletons (Vaults:2)
  2 kobold brigands
  A bullfrog (shapeshifter) (Vaults:5)
  19 bullfrogs
  An earth elemental (Abyss:2)
  8 scorpions
  3 small abominations (Abyss:2)
  39 wights
  57 killer bees
  An oklob sapling (D:4)
  A killer bee (shapeshifter) (Vaults:5)
  3 electric eels
  5 howler monkeys
  2 bullfrog zombies
  7 centaur zombies
  19 starcursed masses (Abyss:2)
  8 hounds
  18 orc priests
  6 centaur skeletons
  7 jellies
  Crazy Yiuf (D:4)
  An iron imp (Abyss:2)
  5 iguanas
  Natasha (thrice) (D:3)
  37 orc wizards
  11 worker ants
  A hound zombie (D:10)
  A hound skeleton (D:10)
  2 worker ant zombies
  6 gnolls
  7 adders
  4 shadow imps
  2 white imps (Abyss:2)
  2 ufetubi (Abyss:2)
  An ooze (D:7)
  2 adder zombies
  3 dart slugs
  13 worms
  6 leopard geckos
  127 orcs
  6 bats
  6 giant cockroaches
  8 goblins
  10 hobgoblins
  18 jackals
  15 kobolds
  5 quokkas
  3 ball pythons
  4 frilled lizards
  A jackal skeleton (D:4)
  A kobold simulacrum (Abyss:2)
  10 rats
  4 bushes
  4 plants
  A starspawn tentacle (Abyss:2)
1798 creatures vanquished.

Vanquished Creatures (collateral kills)
  the Lernaean hydra (Swamp:4)
  A fenstrider witch (Swamp:3)
  2 vault wardens (Vaults:3)
  2 orc warlords (Orc:2)
  An ironheart preserver (Vaults:3)
  A deep elf demonologist (Abyss:2)
  An entropy weaver (Vaults:3)
  An eleionoma (Swamp:4)
  A vault guard (D:13)
  2 two-headed ogres (D:13)
  A catoblepas (D:14)
  A tengu warrior (D:13)
  A spriggan berserker (Swamp:3)
  A dancing weapon (Vaults:1)
  A deep troll (D:13)
  A swamp dragon (Swamp:4)
  A deep elf archer (Vaults:3)
  2 bog bodies (Swamp:4)
  An orc knight (Vaults:4)
  3 orb spiders
  4 ugly things
  A centaur skeleton (D:14)
  A yaktaur (Vaults:3)
  A hornet (Vaults:3)
  2 trolls (Orc:2)
  A slime creature (Vaults:3)
  2 orc warriors (Orc:2)
  An ogre (Orc:2)
  An orc priest (Orc:2)
  2 orcs (Orc:2)
42 creatures vanquished.

Vanquished Creatures (others)
  A wolf spider (Spider:3)
  2 orb spiders (Spider:1)
  A jumping spider (Spider:1)
  2 bloated husks
  A redback (Spider:1)
  A tarantella (Spider:1)
  A swamp worm (Swamp:2)
  A wyvern skeleton (D:14)
  An orc (Vaults:3)
  18 foxfires
  48 fungi
  57 plants
  A starspawn tentacle (Abyss:2)
  4 toadstools (D:1)
139 creatures vanquished.

Grand Total: 1979 creatures vanquished

Notes
Turn   | Place    | Note
-------+----------+-------------------------------------------
     0 | D:1      | snetch the Minotaur Berserker began the quest for the Orb.
     0 | D:1      | Reached XP level 1. HP: 19/19 MP: 0/0
    19 | D:1      | Reached XP level 2. HP: 13/27 MP: 1/1
   276 | D:2      | Reached XP level 3. HP: 14/33 MP: 2/2
   283 | D:2      | Reached ** piety under Trog
   284 | D:2      | Reached skill level 1 in Maces & Flails
   284 | D:2      | Reached XP level 4. HP: 18/40 MP: 3/3
   364 | D:3      | Noticed Natasha
   371 | D:3      | Killed Natasha
   564 | D:4      | Found the +8 orange crystal plate armour {Archmagi, Int+3
                  | Clar}
   725 | D:1      | Reached XP level 5. HP: 47/47 MP: 4/4
  1823 | D:2      | Found a glowing silver altar of Zin.
  1823 | D:2      | Found a hide-covered altar of Uskayaw.
  2020 | D:3      | Reached *** piety under Trog
  2327 | D:3      | Noticed Natasha
  2332 | D:3      | Killed Natasha
  2334 | D:3      | Reached XP level 6. HP: 47/53 MP: 5/5
  2488 | D:3      | Noticed Natasha
  2503 | D:3      | Killed Natasha
  2699 | D:5      | Entered Level 5 of the Dungeon
  2718 | D:5      | Reached skill level 5 in Armour
  2724 | D:5      | Reached skill level 5 in Fighting
  2958 | D:4      | Noticed Pikel
  2977 | D:4      | Killed Pikel
  2978 | D:4      | Reached skill level 1 in Shields
  2978 | D:4      | Reached XP level 7. HP: 42/62 MP: 6/6
  3108 | D:4      | Found a staircase to the Ecumenical Temple.
  3132 | D:4      | Reached XP level 8. HP: 70/70 MP: 7/7
  3150 | D:4      | Reached **** piety under Trog
  3159 | Temple   | Entered the Ecumenical Temple
  3552 | D:4      | Noticed Eustachio
  3568 | D:4      | Killed Eustachio
  3687 | D:4      | Found a runed translucent door.
  3688 | D:4      | Noticed Crazy Yiuf
  3699 | D:4      | Killed Crazy Yiuf
  4417 | D:6      | Found Viesi Orch's Armour Shoppe.
  4890 | D:6      | Reached skill level 1 in Throwing
  5170 | D:6      | Identified the +5 short sword "Masack" {holy, rF+}
  5177 | D:6      | Reached XP level 9. HP: 78/78 MP: 8/8
  6111 | D:7      | Reached ***** piety under Trog
  6541 | D:8      | Reached skill level 10 in Maces & Flails
  6624 | D:8      | Noticed a six-headed hydra
  6640 | D:8      | Killed a six-headed hydra
  6688 | D:8      | Reached skill level 5 in Throwing
  6948 | D:9      | Found a transporter.
  6955 | D:9      | Noticed a hellwing
  6955 | D:9      | Noticed SkeletonJelly's ghost (novice FoFi)
  6962 | D:9      | Got a polished war axe
  6969 | D:9      | Noticed a worldbinder
  6970 | D:9      | Identified the +10 war axe "Vega" {vamp, Str+2 Dex+6
                  | Stlth+} (You found it on level 9 of the Dungeon)
  7061 | D:9      | Reached XP level 10. HP: 83/86 MP: 9/9
  7070 | D:9      | Reached skill level 5 in Axes
  7090 | D:10     | Entered Level 10 of the Dungeon
  7090 | D:10     | Found Levud's Assorted Antiques.
  7266 | D:10     | Found a flagged portal.
  7321 | Bailey   | Entered a bailey
  7633 | Bailey   | Received a gift from Trog
  7707 | Bailey   | Upgraded the game from 0.27-a0-366-g8badd94918 to
                  | 0.27-a0-380-g150de4c316
  8091 | D:9      | Identified a scroll of acquirement
  8093 | D:9      | Acquired the +8 frozen axe "Frostbite" {freezing cloud,
                  | *Noise +Fly rC+}
  8094 | D:9      | Found the +8 frozen axe "Frostbite" {freezing cloud, *Noise
                  | +Fly rC+}
  8191 | D:9      | Noticed a toenail golem
  8249 | D:9      | Noticed a wizard
  8254 | D:9      | Found a one-way gate to the infinite horrors of the Abyss.
  8255 | D:9      | Found a transporter.
  8280 | D:9      | Reached skill level 1 in Evocations
  8484 | D:9      | Noticed a toenail golem
  8732 | D:10     | Reached XP level 11. HP: 88/95 MP: 10/10
  9105 | D:10     | Found a staircase to the Lair.
  9116 | D:10     | Reached skill level 10 in Axes
  9369 | D:11     | Noticed a green ugly thing
  9376 | D:11     | Killed a green ugly thing
  9382 | D:11     | You fall into a shaft and drop 3 floors!
  9382 | D:14     | Noticed a cyan ugly thing
  9382 | D:14     | Noticed a cyan ugly thing
  9383 | D:14     | Noticed a cyan ugly thing
  9392 | D:14     | Noticed a catoblepas
  9405 | D:14     | Killed a catoblepas
  9406 | D:14     | Reached skill level 10 in Armour
  9483 | D:14     | Noticed a centaur warrior
  9486 | D:14     | Killed a centaur warrior
 10167 | D:11     | Reached ****** piety under Trog
 10190 | D:11     | Received a gift from Trog
 10244 | D:11     | Found a staircase to the Orcish Mines.
 10397 | D:11     | Noticed a white ugly thing
 10408 | D:11     | Killed a white ugly thing
 10609 | D:11     | Noticed a green ugly thing
 10616 | D:11     | Killed a green ugly thing
 10617 | D:11     | Reached skill level 10 in Fighting
 10617 | D:11     | Reached XP level 12. HP: 87/106 MP: 11/11
 10711 | D:11     | Noticed a boulder beetle
 10805 | D:11     | Killed a boulder beetle
 11184 | D:11     | Found an iron altar of Okawaru.
 11522 | D:11     | Found Emuseale's Weapon Shop.
 11760 | D:11     | Found a roughly hewn altar of Beogh.
 12164 | D:12     | Received a gift from Trog
 12312 | D:12     | Noticed Josephine
 12316 | D:12     | Killed Josephine
 12317 | D:12     | Reached skill level 15 in Axes
 12357 | D:12     | Found a blossoming altar of Fedhas.
 12896 | D:13     | Found Woxufuf's Antique Weapon Shop.
 12896 | D:13     | Noticed Rupert
 12907 | D:13     | Killed Rupert
 13004 | D:13     | Noticed a vault guard
 13010 | D:13     | Killed a vault guard
 13016 | D:13     | Noticed a two-headed ogre
 13020 | D:13     | Killed a two-headed ogre
 13034 | D:13     | Noticed a two-headed ogre
 13037 | D:13     | Noticed a tengu warrior
 13038 | D:13     | Killed a two-headed ogre
 13043 | D:13     | Noticed a tengu warrior
 13044 | D:13     | Killed a tengu warrior
 13046 | D:13     | Reached XP level 13. HP: 57/116 MP: 12/12
 13361 | D:13     | Found a gate to the Vaults.
 13444 | D:13     | Noticed Sonja
 13447 | D:13     | Killed Sonja
 14495 | D:15     | Entered Level 15 of the Dungeon
 15344 | D:15     | Noticed Nessos
 15351 | D:15     | Killed Nessos
 15524 | D:15     | Reached XP level 14. HP: 120/127 MP: 13/13
 15566 | D:15     | Found Qachofih's Elemental Accessories.
 16015 | D:15     | Found a staircase to the Depths.
 16204 | D:15     | Received a gift from Trog
 16482 | D:10     | Bought a potion of curing for 54 gold pieces
 16482 | D:10     | Bought a scroll labelled SUT SAUJONACYBB for 18 gold pieces
 16482 | D:10     | Bought a scroll of teleportation for 54 gold pieces
 16482 | D:10     | Bought an agate ring for 90 gold pieces
 16482 | D:10     | Bought a potion of resistance for 180 gold pieces
 16533 | Orc:1    | Entered Level 1 of the Orcish Mines
 16688 | Orc:2    | Entered Level 2 of the Orcish Mines
 16693 | Orc:2    | Paralysed by an orc sorcerer for 5 turns
 16705 | Orc:2    | Noticed an orc warlord
 16718 | Orc:2    | Killed an orc warlord
 16896 | Orc:2    | Found a staircase to the Elven Halls.
 16902 | Orc:2    | Received a gift from Trog
 16924 | Orc:2    | Noticed an orc warlord
 16936 | Orc:2    | Killed an orc warlord
 16947 | Orc:2    | Found Oxtareru's Book Shoppe.
 17147 | Orc:2    | Found Wyasaif's Antique Weapon Shoppe.
 17262 | Orc:2    | Found Dunaosm's General Store.
 17325 | Orc:2    | Found Karapoi's Antique Armour Emporium.
 18165 | D:9      | Killed SkeletonJelly's ghost
 18167 | D:9      | Cast into level 2 of the Abyss (a wizard)
 18243 | Abyss:2  | Noticed a tentacled starspawn
 18248 | Abyss:2  | Killed a tentacled starspawn
 18265 | Abyss:2  | Noticed a starcursed mass
 18288 | Abyss:2  | Reached skill level 15 in Armour
 18297 | Abyss:2  | Noticed a starcursed mass
 18304 | Abyss:2  | Found a corrupted altar of Lugonu.
 18393 | Abyss:2  | Reached XP level 15. HP: 120/137 MP: 14/14
 18405 | Abyss:2  | Noticed a bone dragon
 18419 | Abyss:2  | Killed a bone dragon
 18445 | D:9      | Escaped the Abyss
 18812 | Lair:1   | Entered Level 1 of the Lair of Beasts
 19231 | Lair:1   | Got a shimmering lead ring
 19380 | Lair:1   | Identified the ring of a Billion Stories {rF+ Str+6 Int+2
                  | Dex-4} (You found it on level 1 of the Lair of Beasts)
 19792 | Lair:1   | Noticed Harold
 19799 | Lair:1   | Killed Harold
 19949 | Lair:1   | Received a gift from Trog
 20344 | Lair:2   | You fall into a shaft and drop 1 floor!
 20344 | Lair:3   | Found a staircase to the Swamp.
 21507 | Lair:3   | Found a large runed translucent door.
 21512 | Lair:3   | Found a large runed translucent door.
 21513 | Lair:3   | Noticed Huasawuy's ghost (journeyman TrWz)
 21629 | Lair:3   | Killed Huasawuy's ghost
 22076 | Lair:4   | Found a hole to the Spider Nest.
 22148 | Lair:4   | Received a gift from Trog
 23014 | Lair:6   | Entered Level 6 of the Lair of Beasts
 23052 | Lair:6   | Found an ornate altar of the Wu Jian Council.
 23052 | Lair:6   | Found a hide-covered altar of Uskayaw.
 23205 | Lair:5   | Found a staircase to the Slime Pits.
 23205 | Lair:5   | Found a viscous altar of Jiyva.
 23718 | Lair:6   | Found the +2 Maxwell's thermic engine {flame, freeze}
 23724 | Lair:6   | Noticed jestyr24's ghost (journeyman TrFi)
 23970 | Lair:6   | Found a transporter.
 23973 | Lair:6   | Found a transporter.
 24494 | Lair:6   | Reached skill level 15 in Fighting
 24826 | Swamp:1  | Entered Level 1 of the Swamp
 24838 | Swamp:1  | Reached XP level 16. HP: 144/149 MP: 15/15
 24870 | Swamp:1  | Received a gift from Trog
 25247 | Swamp:2  | Reached skill level 1 in Long Blades
 25719 | Swamp:1  | You fall into a shaft and drop 1 floor!
 26836 | Swamp:3  | Noticed a tentacled monstrosity
 26841 | Swamp:3  | Noticed a thorn hunter
 26842 | Swamp:3  | Found a transporter.
 26850 | Swamp:3  | Noticed a thorn hunter
 26913 | Swamp:3  | Found a transporter.
 27350 | Swamp:4  | Entered Level 4 of the Swamp
 28190 | Swamp:4  | Received a gift from Trog
 28542 | Swamp:4  | Reached skill level 5 in Long Blades
 28840 | Swamp:4  | Reached XP level 17. HP: 158/158 MP: 16/16
 29284 | Swamp:4  | Got a smouldering crystal plate armour
 29289 | Swamp:4  | Identified the +5 crystal plate armour of the Desert {rElec
                  | rF+} (You found it on level 4 of the Swamp)
 29681 | Swamp:4  | Noticed the 27-headed Lernaean hydra
 29685 | Swamp:4  | Killed the 25-headed Lernaean hydra
 29692 | Swamp:4  | Got a decaying rune of Zot
 29832 | Swamp:4  | Upgraded the game from 0.27-a0-380-g150de4c316 to
                  | 0.27-a0-385-g3208abaabc
 29913 | Spider:1 | Entered Level 1 of the Spider Nest
 29945 | Spider:1 | Received a gift from Trog
 30916 | Spider:2 | Noticed Agnes
 30926 | Spider:2 | Killed Agnes
 31421 | Spider:2 | Received a gift from Trog
 32591 | Spider:2 | Received a gift from Trog
 32595 | Spider:2 | Reached XP level 18. HP: 157/170 MP: 14/17
 33689 | Spider:1 | Noticed Roxanne
 33722 | Spider:1 | Killed Roxanne
 34569 | Spider:4 | Entered Level 4 of the Spider Nest
 34849 | Spider:3 | Received a gift from Trog
 36484 | Spider:4 | Received a gift from Trog
 36645 | Spider:4 | Reached skill level 1 in Stealth
 37462 | Spider:4 | Got a steaming robe
 37473 | Spider:4 | Identified the +2 robe of Jiukunoq {Rampage rF++ rC+ Str-2}
                  | (You found it on level 4 of the Spider Nest)
 37553 | Spider:4 | Got a gossamer rune of Zot
 38068 | Vaults:1 | Entered Level 1 of the Vaults
 38235 | Vaults:1 | Reached XP level 19. HP: 174/179 MP: 16/18
 38769 | Vaults:1 | Received a gift from Trog
 38846 | Vaults:1 | Reached skill level 10 in Throwing
 38964 | Vaults:1 | Found a runed translucent door.
 38964 | Vaults:1 | Found a shimmering altar of Xom.
 38964 | Vaults:1 | Identified the +11 scythe "Maorr" {chaos, Str+3 Stlth+}
 38964 | Vaults:1 | Noticed Sibahig's ghost (veteran HOMo)
 39090 | Vaults:1 | Cast into level 2 of the Abyss (a wizard)
 39208 | Abyss:2  | Noticed a bone dragon
 39216 | Abyss:2  | Killed a bone dragon
 39425 | Vaults:1 | Escaped the Abyss
 39599 | Vaults:2 | Received a gift from Trog
 40408 | Lair:6   | Killed jestyr24's ghost
 40437 | Lair:6   | Identified Maelakkouxt's Catalogue of the Traveller and
                  | Companions
 41122 | Vaults:1 | Killed Sibahig's ghost
 41394 | Vaults:2 | Noticed Boris
 41408 | Vaults:2 | Killed Boris
 41458 | Vaults:2 | Reached XP level 20. HP: 52/195 MP: 5/19
 41716 | Vaults:2 | Received a gift from Trog
 42771 | Vaults:2 | Found a staircase to the Crypt.
 42779 | Vaults:2 | Received a gift from Trog
 43448 | Vaults:3 | You fall into a shaft and drop 1 floor!
 44718 | Vaults:4 | Reached XP level 21. HP: 193/211 MP: 20/20
 44914 | Vaults:3 | Received a gift from Trog
 45748 | Vaults:4 | Received a gift from Trog
 45869 | Vaults:4 | Got a crystal dire flail
 45870 | Vaults:4 | Identified the +4 dire flail of Dishonour {freeze, Will+
                  | Int-5 Dex+9} (You found it on level 4 of the Vaults)
 45884 | Vaults:4 | Reached XP level 22. HP: 222/222 MP: 21/21
 46500 | Vaults:4 | Got a fine halberd
 46501 | Vaults:4 | Identified the +5 halberd of the Lusting Blowfly {vorpal,
                  | rPois rN++ Will+ Int-4} (You found it on level 4 of the
                  | Vaults)
 46696 | Vaults:5 | Entered Level 5 of the Vaults
 46696 | Vaults:5 | Noticed Mara
 46702 | Vaults:5 | Noticed snetch's illusion
 47152 | Vaults:5 | Received a gift from Trog
 47159 | Vaults:5 | Noticed snetch's illusion
 47394 | Vaults:5 | Noticed a golden dragon
 48170 | Vaults:4 | Reached XP level 23. HP: 116/227 MP: 13/22
 48597 | Vaults:5 | Noticed snetch's illusion
 48708 | Vaults:5 | Noticed an ancient lich
 48713 | Vaults:5 | Noticed snetch's illusion
 48715 | Vaults:5 | Paralysed by a great orb of eyes for 2 turns
 48724 | Vaults:5 | Killed an ancient lich
 48724 | Vaults:5 | Received a gift from Trog
 48725 | Vaults:5 | Killed Mara
 49174 | Vaults:4 | Slain by a phantasmal warrior

Illustrated notes

Levels and vault maps discovered:
D:1:      ldierk_walled_garden_2, layout_basic, minmay_pentomino_z2
D:2:      layout_rooms, gammafunk_temple_overflow_wave, serial_co_window_serial,
          co_window_paths_b, co_window_of_opportunity_a, co_window_paths_a,
          co_window_paths_b, co_window_of_opportunity_a, co_window_corner_b,
          co_window_unsneaky_path_d, co_window_broadway_b, co_window_4corner_b,
          glass_columns_a, glass_columns_b, glass_columns_b, glass_columns_a,
          glass_columns_b, minmay_misc_feat_encased, minmay_liquid_box
D:3:      layout_loops_cross, kennysheep_generic_room_9, uniq_natasha
D:4:      layout_rooms, minmay_temple_entry_oklob, uniq_eustachio,
          uniq_crazy_yiuf_cottage, uniq_pikel
D:5:      layout_basic, hangedman_decor_peaks_small
D:6:      layout_basic, serial_shops, shop
D:7:      layout_basic
D:8:      layout_rooms
D:9:      layout_basic, gammafunk_ghost_abyssal_escape
D:10:     layout_roguey, david_lair_shrubbed, serial_shops, shop,
          enter_bailey_3, minmay_quadrilaterals
D:11:     minmay_bubble_buster, layout_layer_cave,
          minmay_orc_entry_temple_large, serial_shops, shop, basic_altar
D:12:     layout_basic, fedhas_bush_and_centaur_altar, uniq_josephine
D:13:     layout_irregular_city, david_vaults_4, serial_shops,
          nicolae_shop_waterfront, minivault_25, minivault_11, uniq_sonja,
          uniq_rupert
D:14:     layout_grid_maze, grunt_decor_junction, minmay_misc_feat_iff,
          minivault_25
D:15:     gammafunk_enter_depths_forms, layout_irregular_city,
          chequers_arboretum, grunt_ministairs_2, nicolae_elemental_shop,
          amcnicky_mini_pool_small, uniq_nessos
Temple:   regret_index_temple_chain_breaker
Lair:1:   wad_woods_minihive, layout_gridlike, uniq_harold
Lair:2:   layout_loops_ring
Lair:3:   layout_gridlike, swamp_mist, ebering_ghost_disaster_area,
          infiniplex_staircase_pool, minmay_lair_oklob_chamber,
          serial_bayou_shore_b, serial_bayou_shore_b, grunt_megastairs_2
Lair:4:   layout_regular_city, nicolae_spider_entry_non_spiders,
          grunt_megastairs_4, serial_bayou_shore_a, infiniplex_staircase_pool_2
Lair:5:   layout_loops_ring, slime_altar_1, serial_bayou_shore_b,
          serial_bayou_shore_b
Lair:6:   due_jungle_book, layout_concentric_octagons, nzn_ghost_randoct,
          nicolae_quartered_pool_super, nzn_masters_of_martial_movement
Swamp:1:  layout_falls_marsh, evilmike_swamp_ruin_house_2
Swamp:2:  layout_basic_swamp, nicolae_swamp_little_tower
Swamp:3:  gammafunk_sealed_arena, layout_basic_swamp,
          nicolae_swamp_dense_foliage, swamp_pool5
Swamp:4:  grunt_swamp_rune_castle, layout_basic_swamp, swamp_pool2, worms_lemuel
Spider:1: lemuel_spider_zombies, guppyfry_spider_mini_3, uniq_roxanne
Spider:2: layout_chambers, uniq_agnes
Spider:3: layout_spider_delve, hangedman_spider_tarantella_strand
Spider:4: grunt_spider_rune_parallel
Orc:1:    layout_diamond_mine
Orc:2:    grunt_orc_gardens, layout_caves, grunt_orc_garden, grunt_orc_garden,
          grunt_orc_garden, grunt_orc_garden
Vaults:1: ebering_vaults_ghost_xom, nicolae_vaults_back_hallway,
          hangedman_vaults_capsules, hangedman_vaults_river_flow,
          vaults_dpeg_diagonal, ontoclasm_vaults_decontamination, v_misc_29,
          nicolae_vaults_big_angled_halls, v_misc_4, vaults_room_semicircle,
          v_misc_22, vaults_dpeg_ring, hangedman_vaults_stretched_pinwheel,
          nicolae_vaults_ring_of_whatevers, nicolae_vaults_mini_display_case,
          layout_vaults_maze_snakey
Vaults:2: minmay_crypt_entry_simple_sparse, nicolae_vaults_bisected_slash,
          hangedman_vaults_pinch, hangedman_vaults_stagger, v_misc_3,
          grunt_vaults_swirl, nicolae_vaults_alarming, ontoclasm_vaults_gateway,
          layout_vaults_chaotic_city, uniq_boris
Vaults:3: v_alt_pattern_5, nicolae_vaults_minivaults, v_pattern_1,
          ontoclasm_vaults_chip, layout_vaults_omnigrid
Vaults:4: v_misc_16, vaults_mumra_minichess_inversion, vaults_room_glass_cross,
          hangedman_vaults_snaps, vaults_standard_mumra_lines,
          nicolae_vaults_ninety_degrees, v_pattern_4, v_misc_29,
          v_alt_pattern_1, ontoclasm_vaults_pinch,
          nicolae_vaults_ring_of_whatevers, nicolae_vaults_shelves_hall,
          ontoclasm_vaults_ring_square, layout_vaults_omnibox
Vaults:5: serial_shops, uniq_mara

Skill      XL: |  1  2  3  4  5  6  7  8  9 10 11 12 13 14 15 16 17 18 19 20 21 22 23 |
---------------+----------------------------------------------------------------------+-----
Fighting       | 4 5 6 7 8 10 11 12 13 15 16 17 18 20 23 25 | 25.5
Axes           | 4 9 13 16 18 20 22 23 24 25 | 25.4
Dodging        | 3 6 8 9 |  9.4
Maces & Flails | 1 2 3 6 9 10 | 10.6
Armour         | 3 4 6 7 8 11 12 13 15 16 17 18 19 20 21 22 | 22.0
Shields        | 1 2 3 4 |  4.0
Throwing       | 1 5 6 9 10 | 10.9
Evocations     | 1 2 |  2.2
Long Blades    | 5 6 7 |  7.0
Stealth        | 1 2 |  2.1

Action                   |  1- 3 |  4- 6 |  7- 9 | 10-12 | 13-15 | 16-18 | 19-21 | 22-24 || total
-------------------------+-------+-------+-------+-------+-------+-------+-------+-------++-------
Melee: Hand axe          |     6 |       |       |       |       |       |       |       ||     6
       Headbutt          |     2 |    35 |    68 |   102 |   167 |   182 |   172 |    52 ||   780
       Whip              |    30 |   215 |   271 |       |       |       |       |       ||   516
       War axe           |       |       |    11 |   169 |       |       |       |       ||   180
       Executioner's axe |       |       |       |   261 |   765 |   714 |   612 |   185 ||  2537
       Double sword      |       |       |       |       |       |    52 |     6 |       ||    58
Throw: Dart              |       |       |    99 |       |     3 |    74 |       |       ||   176
       Stone             |       |       |     7 |       |       |       |       |       ||     7
       Boomerang         |       |       |       |       |     6 |   122 |    29 |       ||   157
       Javelin           |       |       |       |       |       |     2 |       |       ||     2
Invok: Berserk           |       |       |     1 |     1 |     2 |     3 |     1 |     3 ||    11
       Brothers in Arms  |       |       |     1 |     3 |     3 |     2 |     9 |     1 ||    19
       Trog's Hand       |       |       |     1 |     2 |    13 |     8 |     9 |     2 ||    35
 Abil: Evoke Flight      |       |       |       |     7 |     2 |     1 |       |       ||    10
       Stop Flying       |       |       |       |     1 |       |       |       |       ||     1
Evoke: Wand              |       |       |       |       |     2 |     2 |       |     1 ||     5
       Tin of tremorston |       |       |       |       |       |     2 |       |     1 ||     3
       Lightning rod     |       |       |       |       |       |     4 |       |       ||     4
       Box of beasts     |       |       |       |       |       |     2 |     2 |       ||     4
       Condenser vane    |       |       |       |       |       |       |       |     1 ||     1
  Use: Scroll            |       |       |       |    22 |     9 |     1 |     1 |       ||    33
       Potion            |       |       |       |       |       |     6 |     3 |     2 ||    11
 Stab: Distracted        |       |       |       |       |       |     1 |     2 |       ||     3
Armor: Animal skin       |     3 |       |       |       |       |       |       |       ||     3
       Scale mail        |    11 |     6 |       |       |       |       |       |       ||    17
       Crystal plate arm |       |   150 |   166 |   432 |   614 |  1199 |   561 |   266 ||  3388
Dodge: Dodged            |    17 |    53 |    28 |   147 |   241 |   434 |   215 |   120 ||  1255
Block: Buckler           |       |    19 |    32 |    48 |       |       |       |       ||    99
       Other             |       |       |       |       |   149 |       |       |       ||   149
       Reflection        |       |       |       |       |     4 |       |       |       ||     4
       Rpst.: Double sword |       |       |       |       |       |     7 |     1 |       ||     8

Table legend: (Time is in decaauts)
 A = Elapsed time spent in this place.
 B = Non-inter-level travel time spent in this place.
 C = Inter-level travel time spent in this place.
 D = Time resting spent in this place.
 E = Time spent auto-exploring this place.
 F = Levels seen in this place.
 G = Mean time per level.
                   A        B        C        D        E       F      G
               +--------+--------+--------+--------+--------+-----+--------+
         Total |  49421 |  45762 |   3659 |   6122 |  27581 |  40 | 1235.5 |
       Dungeon |  16686 |  15389 |   1297 |    675 |  10254 |  15 | 1112.4 |
        Temple |    302 |    298 |      4 |      0 |    295 |   1 |  302.0 |
          Lair |   6653 |   5779 |    874 |     15 |   3972 |   6 | 1108.8 |
         Swamp |   5687 |   5247 |    440 |    791 |   3340 |   4 | 1421.8 |
   Spider Nest |   7858 |   7537 |    321 |   2805 |   3084 |   4 | 1964.5 |
  Orcish Mines |   1533 |   1336 |    197 |      0 |    955 |   2 |  766.5 |
        Vaults |   9680 |   9156 |    524 |   1819 |   5316 |   5 | 1936.0 |
         Abyss |    595 |    595 |      0 |     16 |    321 |   2 |  297.5 |
        Bailey |    423 |    423 |      0 |      0 |     42 |   1 |  423.0 |
               +--------+--------+--------+--------+--------+-----+--------+

Top non-repeatable levels by time:
Vaults:4: 3491 daAuts
Spider:2: 3201 daAuts
Spider:3: 2520 daAuts
    D:11: 1981 daAuts
Vaults:1: 1954 daAuts
Vaults:3: 1903 daAuts
Vaults:2: 1897 daAuts
 Swamp:3: 1749 daAuts
    D:14: 1528 daAuts
 Swamp:4: 1485 daAuts
  Lair:1: 1468 daAuts
    D:15: 1422 daAuts
     D:9: 1412 daAuts
  Lair:6: 1403 daAuts
    D:13: 1316 daAuts
